 Dungeon Crawl Stone Soup version 0.30-b1-2-g02819fbbbe (webtiles) character file.

Game seed: 9855657412985061829

107 graymark the Magician (level 5, -7/35 HPs)
             Began as a Djinni Fire Elementalist on May 25, 2023.
             Mangled by eelars's ghost (17 damage)
             ... on level 3 of the Dungeon.
             The game lasted 00:05:39 (2353 turns).

graymark the Magician (Djinni Fire Elementalist)    Turns: 2353, Time: 00:05:40

Health: -7/35      AC:  2    Str:  7    XL:     5   Next: 11%
Gold:   130        EV: 13    Int: 19    God:
                   SH:  0    Dex: 13

rFire   + + .        d - +1 dagger (venom)
rCold   x . .        (no shield)
rNeg    . . .        a - +0 robe
rPois   ∞            (no helmet)
rElec   .            (no cloak)
rCorr   .            (no gloves)
SInv    .            (boots unavailable)
Will    .....        (no amulet)
Stlth   ++           (no ring)
HPRegen 0.25/turn    (no ring)
MPRegen 0.00/turn

%: infuse magic (-8 HP)
@: flying
A: sickness immunity, fire resistance 2, cold vulnerability 1, float, innate
caster, HP casting, extra vitality 1
a: no special abilities


You were on level 3 of the Dungeon.
You visited 1 branch of the dungeon, and saw 3 of its levels.

You collected 130 gold pieces.

Inventory:

Hand Weapons
 d - a +1 dagger of venom (weapon)
 m - a +1 whip of holy wrath
Armour
 a - a +0 robe (worn)
 f - the +5 ring mail "Pifuul" {rF+}
   (You found it on level 2 of the Dungeon)

   rF:        It protects you from fire.
Wands
 c - a wand of light (9)
Scrolls
 e - a scroll of poison {unknown}
 h - a scroll of blinking {unknown}
 l - 2 scrolls of immolation
 n - a scroll of vulnerability {unknown}
Potions
 g - a potion of curing
 i - a potion of mutation
 k - a potion of degeneration {unknown}


   Skills:
 + Level 3.1 Dodging
 + Level 2.4 Stealth
 * Level 3.4 Spellcasting


You knew the following spells:

 Your Spells              Type           Power      Damage    Failure   Level
a - Foxfire               Conj/Fire      64%        2x1d7     3%          1
b - Scorch                Fire           32%        2d6       5%          2
c - Volatile Blastmotes   Fire/Tloc      32%        2d12      11%         3
d - Inner Flame           Hex/Fire       16%        N/A       11%         3
e - Flame Wave            Conj/Fire      16%        2d7       34%         4
f - Slow                  Hex            64%        N/A       3%          1
g - Searing Ray           Conj           32%        2d5       5%          2
Your spell library was empty.

Dungeon Overview and Level Annotations

Branches:
Dungeon (3/15)

Altars:

Annotations:
D:3 eelars's ghost, amateur HOFi


Innate Abilities, Weirdness & Mutations

You are immune to sickness and miasma.
You are immune to poison.
Your flesh is very heat resistant. (rF++)
You are vulnerable to cold. (rC-)
You float through the air rather than walking.
You learn spells naturally, not from books.
Your magical power is your life essence.
You have superior vitality. (+4 MHP)


Message History

Eelars's ghost hits you!
Unknown command.
You are too injured to fight recklessly!
Unknown command.
Your foxfire dissipates!
Eelars's ghost attacks as you move away!
Eelars's ghost hits you but does no damage.
The foxfire hits eelars's ghost but does no damage.
Eelars's ghost is severely damaged.
Eelars's ghost is nearby!
Casting: Foxfire (safe; 3% risk of failure)
Confirm with . or Enter, or press ? or * to list all spells.
You conjure some foxfire!
Eelars's ghost barely misses you.
Your foxfire dissipates!
The foxfire hits eelars's ghost.
Eelars's ghost is severely damaged.
Casting: Foxfire (safe; 3% risk of failure)
Confirm with . or Enter, or press ? or * to list all spells.
You conjure some foxfire!
Eelars's ghost hits you but does no damage.
Your foxfire dissipates!
Eelars's ghost attacks as you move away!
Eelars's ghost hits you.
The foxfire hits eelars's ghost.
Eelars's ghost is almost destroyed.
Casting: Foxfire (safe; 3% risk of failure)
Confirm with . or Enter, or press ? or * to list all spells.
You conjure some foxfire!
* * * LOW HITPOINT WARNING * * *
Eelars's ghost closely misses you.
The foxfire hits eelars's ghost but does no damage.
Eelars's ghost is almost destroyed.
The foxfire hits eelars's ghost but does no damage.
Eelars's ghost is almost destroyed.
Casting: Foxfire (safe; 3% risk of failure)
Confirm with . or Enter, or press ? or * to list all spells.
You conjure some foxfire!
* * * LOW HITPOINT WARNING * * *
Eelars's ghost wails, "You will join me soon!"
Eelars's ghost hits you!
You die...

#.............#
######.###########.# #......#
##.### #########.###### #.....
#.........###############..###
#....................[.....#
#..###.##÷##.###)......###.#
#..# #.##...v....#####.# #.#
###..# #.##...v@.### #.###.#
#....###.##....§W### #.....#
#.#...#..<.....§...# #.###.#
#.#...#..........#.## #.# #.#
##.#...#.##.......#..##
#.###.#
#.........#^.##.###...#
#.....# ..........#..##.#
#...# ###.#.#
...#......#..##.# ##'## #.#)#
..###...........# #.!.# #.#.#


You could see eelars's ghost (ally target).

Vanquished Creatures
  An orc wizard (D:2)
  2 adders (D:3)
  2 worms
  A dart slug (D:1)
  2 orcs (D:2)
  4 endoplasms
  3 hobgoblins
  2 kobolds
  4 quokkas
  4 ball pythons
  6 bats
  13 frilled lizards
  7 goblins
  6 rats
57 creatures vanquished.

Vanquished Creatures (collateral kills)
  A foxfire (D:3)
1 creature vanquished.

Vanquished Creatures (others)
  183 foxfires
183 creatures vanquished.

Grand Total: 241 creatures vanquished

Notes
Turn   | Place    | Note
-------+----------+-------------------------------------------
     0 | D:1      | graymark the Djinni Fire Elementalist began the quest for
                  | the Orb.
     0 | D:1      | graymark set off with the following spells memorised:
                  | Foxfire, Scorch, Volatile Blastmotes, Inner Flame, Flame
                  | Wave.
     0 | D:1      | Reached XP level 1. HP: 15/15 MP: 0/0
   166 | D:1      | You are sucked into a shaft and drop 1 floor!
   310 | D:2      | Reached XP level 2. HP: 15/21 MP: 0/0
   462 | D:2      | Reached XP level 3. HP: 23/25 MP: 0/0
   462 | D:2      | Learned a level 1 spell: Slow
   510 | D:2      | Reached XP level 4. HP: 25/31 MP: 0/0
   601 | D:2      | Identified the +5 ring mail "Pifuul" {rF+}
  2048 | D:3      | Reached XP level 5. HP: 27/35 MP: 0/0
  2048 | D:3      | Learned a level 2 spell: Searing Ray
  2128 | D:3      | Found a runed translucent door.
  2128 | D:3      | Noticed eelars's ghost (amateur HOFi)
  2353 | D:3      | Mangled by eelars's ghost

Illustrated notes

Levels and vault maps discovered:
D:1:      dpeg_arrival_round_c, layout_loops_ring
D:2:      layout_basic, basic_altar, st_stairs_14, minmay_lizard_pond
D:3:      layout_loops_ring, gammafunk_ghost_grave

Skill      XL: |  1  2  3  4 |
---------------+-------------+-----
Stealth        | 2 |  2.4
Spellcasting   | 3 |  3.4
Dodging        | 3 |  3.1

Action                     |  1- 3 |  4- 6 || total
---------------------------+-------+-------++-------
  Melee: Unarmed           |     3 |       ||     3
         Dagger            |     4 |     1 ||     5
   Cast: Foxfire           |    37 |    87 ||   124
         Volatile Blastmot |       |     1 ||     1
    Use: Scroll            |       |     5 ||     5
 Armour: Robe              |     5 |     2 ||     7
  Dodge: Dodged            |    17 |    11 ||    28
